 Dungeon Crawl Stone Soup version 0.19-a0-1091-g463c9de (webtiles) character file.

91223 4thArraOfDagon the Executioner (level 15, 0/132 HPs)
             Began as a Minotaur Berserker on Aug 7, 2016.
             Was a High Priest of Trog.
             Slain by a spriggan rider
             ... wielding a +0 spear
              (25 damage)
             ... on level 2 of the Swamp.
             The game lasted 00:46:21 (6775 turns).

4thArraOfDagon the Executioner (Minotaur Berserker) Turns: 6775, Time: 00:46:22

Health: 0/132      AC: 13    Str: 29    XL:     15   Next: 17%
Magic:  15/15      EV: 12    Int: 10    God:    Trog [*****.]
Gold:   487        SH:  0    Dex:  9    Spells: 0 memorised, 14 levels left

rFire  . . .     SeeInvis .     q - +8 battleaxe (elec)
rCold  + . .     Gourm    .     P - swamp dragon hide
rNeg   . . .     Faith    .     (shield currently unavailable)
rPois  +         Spirit   .     (helmet restricted)
rElec  .         Dismiss  .     (no cloak)
rCorr  .         Reflect  .     G - +1 pair of gloves
SustAt .         Harm     +     D - +2 pair of boots
MR     +++..                    i - amulet of harm
Stlth  ..........               s - +4 ring of intelligence
                                S - ring of protection from cold

@: lethally poisoned (0 -> 0), exhausted, regenerating, slowed, very slow
A: retaliatory headbutt, horns 2, slimy green scales 1, high mp 1, strong 1,
wild magic 1
a: Berserk, Trog's Hand, Brothers in Arms, Burn Spellbooks, Renounce Religion
}: 1/15 runes: decaying


You were on level 2 of the Swamp.
You worshipped Trog.
Trog was extremely pleased with you.
You were not hungry.

You visited 4 branches of the dungeon, and saw 24 of its levels.
You also visited: Labyrinth.

You collected 1653 gold pieces.
You spent 1166 gold pieces at shops.

Inventory:

Hand Weapons
 q - a +8 battleaxe of electrocution (weapon)
 Q - a +0 blowgun
Missiles
 C - 2 throwing nets
 E - 2 poisoned tomahawks (quivered)
 R - 19 curare-tipped needles
Armour
 x - the +1 plate armour "Qitui" {rElec rC- MR+ Regen+}
   (You bought it in a shop on level 5 of the Dungeon)

   It makes you vulnerable to cold.
   It insulates you from electricity.
   It affects your resistance to hostile enchantments.
   It increases your rate of regeneration.
 D - a +2 pair of boots (worn)
 G - a +1 pair of gloves (worn)
 N - a +1 plate armour of fire resistance
 P - a swamp dragon hide (worn)
Rods
 t - a +3 rod of inaccuracy (11/11)
   (You found it in a labyrinth)
Jewellery
 b - an uncursed amulet of faith {unknown}
 i - an amulet of harm (around neck)
 s - a +4 ring of intelligence (right hand)
 S - a ring of protection from cold (left hand)
Wands
 j - a wand of paralysis (20/24)
 m - a wand of random effects (25/48)
 o - a wand of acid (3/15)
 p - a wand of acid (9/15)
 H - a wand of confusion (25/48)
 L - a wand of flame (9/48)
 T - a wand of slowing (21/48)
 Y - a wand of acid (10/15)
Scrolls
 a - a scroll of fear
 e - 2 scrolls of immolation
 l - a scroll of remove curse
 y - 7 scrolls of teleportation
Potions
 f - 2 potions of might
 g - a potion of lignification
 r - 2 potions of ambrosia
 v - 3 potions of curing {unknown}
 z - 4 potions of brilliance
 A - a potion of magic
 B - 2 potions of haste
 F - a potion of resistance {unknown}
 K - a potion of berserk rage {unknown}
 M - 2 potions of cancellation
 O - 3 potions of heal wounds
 Z - a potion of agility {unknown}
Books
 d - a book of Necromancy

   Spells                             Type                      Level
   a - Pain                           Necromancy                   1
   b - Animate Skeleton               Necromancy                   1
   c - Vampiric Draining              Necromancy                   3
   d - Regeneration                   Charms/Necromancy            3
   e - Animate Dead                   Necromancy                   4
   f - Control Undead                 Necromancy                   4
   Trog disapproves of the use of such an item.
 k - a book of Death

   Spells                             Type                      Level
   a - Corpse Rot                     Necromancy                   2
   b - Sublimation of Blood           Necromancy                   2
   c - Agony                          Necromancy                   5
   d - Dispel Undead                  Necromancy                   5
   e - Excruciating Wounds            Charms/Necromancy            5
   f - Bolt of Draining               Conjuration/Necromancy       5
   Trog disapproves of the use of such an item.
 n - a book of the Earth

   Spells                             Type                      Level
   a - Leda's Liquefaction            Hexes/Earth                  4
   b - Bolt of Magma                  Conjuration/Fire/Earth       5
   c - Statue Form                    Transmutation/Earth          6
   d - Iron Shot                      Conjuration/Earth            6
   e - Shatter                        Earth                        9
   Trog disapproves of the use of such an item.
 u - a book of Callings

   Spells                             Type                      Level
   a - Summon Small Mammal            Summoning                    1
   b - Call Imp                       Summoning                    2
   c - Call Canine Familiar           Summoning                    3
   d - Summon Guardian Golem          Hexes/Summoning              3
   e - Summon Lightning Spire         Summoning/Air                4
   f - Summon Ice Beast               Ice/Summoning                4
   Trog disapproves of the use of such an item.
 w - a Fen Folio

   Spells                             Type                      Level
   a - Corpse Rot                     Necromancy                   2
   b - Stone Arrow                    Conjuration/Earth            3
   c - Leda's Liquefaction            Hexes/Earth                  4
   d - Summon Forest                  Summoning/Translocation      5
   e - Hydra Form                     Transmutation                6
   f - Summon Hydra                   Summoning                    7
   Trog disapproves of the use of such an item.
 I - a Grand Grimoire

   Spells                             Type                      Level
   a - Monstrous Menagerie            Summoning                    7
   b - Summon Greater Demon           Summoning                    7
   c - Malign Gateway                 Summoning/Translocation      7
   d - Summon Horrible Things         Summoning                    8
   Trog disapproves of the use of such an item.
 J - a book of Death

   Spells                             Type                      Level
   a - Corpse Rot                     Necromancy                   2
   b - Sublimation of Blood           Necromancy                   2
   c - Agony                          Necromancy                   5
   d - Dispel Undead                  Necromancy                   5
   e - Excruciating Wounds            Charms/Necromancy            5
   f - Bolt of Draining               Conjuration/Necromancy       5
   Trog disapproves of the use of such an item.
 U - the Almanac of Augmentations
   (You found it in a labyrinth)

   Spells                             Type                      Level
   a - Infusion                       Charms                       1
   b - Haste                          Charms                       6
   c - Deflect Missiles               Charms/Air                   6
   d - Ring of Flames                 Charms/Fire                  7
   Trog disapproves of the use of such an item.
 V - a book of Frost

   Spells                             Type                      Level
   a - Freeze                         Ice                          1
   b - Throw Frost                    Conjuration/Ice              2
   c - Ozocubu's Armour               Charms/Ice                   3
   d - Throw Icicle                   Conjuration/Ice              4
   e - Summon Ice Beast               Ice/Summoning                4
   Trog disapproves of the use of such an item.
 W - a book of Burglary

   Spells                             Type                      Level
   a - Swiftness                      Charms/Air                   2
   b - Passwall                       Transmutation/Earth          2
   c - Passage of Golubria            Translocation                4
   d - Lee's Rapid Deconstruction     Earth                        5
   e - Darkness                       Hexes                        6
   f - Invisibility                   Hexes                        6
   Trog disapproves of the use of such an item.
 X - the Grimoire of Calling
   (You found it in a labyrinth)

   Spells                             Type                      Level
   a - Call Canine Familiar           Summoning                    3
   b - Summon Forest                  Summoning/Translocation      5
   c - Summon Demon                   Summoning                    5
   d - Summon Hydra                   Summoning                    7
   Trog disapproves of the use of such an item.
Miscellaneous
 h - a phial of floods
Comestibles
 c - 5 bread rations


   Skills:
 + Level 12.0 Fighting
 * Level 22.5 Axes
 + Level 16.6 Armour
 - Level 2.1 Dodging


You had 14 spell levels left.
You didn't know any spells.

Dungeon Overview and Level Annotations

Branches:
Dungeon (12/15)            Temple (0/1) D:7            Lair (6/6) D:8
  Swamp (4/4) Lair:4        Slime (0/5) Lair:6          Orc (2/2) D:9
    Elf (0/3) Orc:2
  Snake: Lair:2-4    Spider: Lair:2-4

Altars:
Hepliaklqana
Qazlal
Ru
Trog
Yredelemnul
Beogh

Shops:
D:5 [=   D:6 =[[   D:8 }   D:12 ?   Orc:2 *[(=

Annotations:
Lair:6 SLIME
Swamp:1 ABYSS, Louise


Innate Abilities, Weirdness & Mutations

You reflexively headbutt those who attack you in melee.
You have a pair of horns on your head.
You are partially covered in slimy green scales. (AC +2)
You have an increased reservoir of magic. (+10% MP)
Your muscles are strong. (Str +2)
Your spells are a little harder to cast, but a little more powerful.


Message History

You enter the shallow water.
Moving in this stuff is going to be slow.
You feel very sick.
A spriggan druid comes into view. It is wielding a quarterstaff.
A spriggan rider comes into view. It is wielding a spear.
You feel very sick.
The spriggan rider shouts!
The spriggan druid points at you and mumbles some strange words.
The stone arrow hits you!
* * * LOW HITPOINT WARNING * * *
The spriggan druid hits you with a quarterstaff.
* * * LOW HITPOINT WARNING * * *
Unknown command.
Unknown command.
As you read the scroll of fear, it crumbles to dust.
You assume a fearsome visage.
The spriggan druid easily resists.
You feel sick.
The spriggan druid gestures wildly while chanting.
The forest starts to sway and rumble!
The spriggan rider hits you from afar with a spear!!
You die...

..♣ ≈≈.♣♣
≈..≈.♣♣♣♣♣
≈...≈.≈≈.♣♣♣♣
≈.....≈≈†≈≈.♣♣
≈≈≈.≈≈≈≈>≈≈..♣♣♣
....≈≈≈≈≈≈≈....♣
≈≈≈...i@≈♣≈.≈≈[♣
≈♣≈≈≈i♣≈....≈≈..
≈≈..?.♣♣♣♣≈.≈≈≈≈
≈≈♣≈≈ .♣≈§≈.
≈≈≈≈ ≈≈... ≈≈≈.
.≈♣≈. ≈ ≈≈


You could see a spriggan rider and a spriggan druid.

Vanquished Creatures
  the Lernaean hydra (Swamp:4)
  A thorn hunter (Swamp:3)
  Roxanne (Swamp:1)
  3 orc warlords
  A minotaur (Lab)
  Harold (Lair:3)
  A catoblepas (Lair:5)
  12 hydras
  Erica (Lair:1)
  An alligator (Swamp:1)
  An orc high priest (Orc:2)
  Sonja (D:10)
  The ghost of CcS the Arsonist, a novice OpFE of Vehumet (D:9)
  2 spriggan druids (Swamp:3)
  7 swamp dragons (Swamp:4)
  3 shambling mangroves (Swamp:2)
  3 hill giants
  3 ugly things
  4 orc knights
  2 orc sorcerers (Orc:2)
  A cyclops (Orc:1)
  A torpor snail (Lair:3)
  5 elephants (Lair:6)
  2 black mambas
  26 spiny frogs
  3 komodo dragons
  2 rime drakes (Lair:5)
  8 giant leeches
  A minotaur zombie (Lab)
  4 trolls
  2 polar bears
  10 slime creatures
  3 bog bodies
  2 two-headed ogres (Orc:2)
  14 blink frogs
  2 wyverns
  24 yaks
  9 spriggans
  A shadow (Swamp:1)
  2 basilisks
  15 vampire mosquitoes
  3 hippogriffs
  A steam dragon (D:11)
  6 swamp worms
  6 wargs
  5 insubstantial wisps (Swamp:3)
  7 water moccasins
  4 porcupines
  30 orc warriors
  A phantom (D:10)
  2 sky beasts
  11 swamp drakes
  An eye of draining (D:8)
  4 ice beasts
  17 wasps
  3 necrophages
  20 wolves
  5 ogres
  2 centaurs
  4 crocodiles
  3 big kobolds
  16 giant frogs
  Blork the orc (Orc:2)
  A scorpion (D:9)
  5 killer bees (D:11)
  A howler monkey (D:5)
  4 electric eels (Lair:6)
  4 crimson imps
  2 giant frog zombies
  4 lava snakes (Lab)
  20 orc priests
  A giant frog skeleton (D:4)
  5 hounds
  3 centaur skeletons
  24 orc wizards
  4 iguanas
  4 worker ants
  6 sheep (Lair:4)
  A hound zombie (D:5)
  A hound skeleton (D:8)
  A howler monkey zombie (D:5)
  2 worker ant zombies
  3 adders
  34 river rats
  3 shadow imps
  3 worms
  3 giant geckos
  71 orcs
  A giant cockroach (D:2)
  2 hobgoblins (D:2)
  20 kobolds
  4 bats
  2 giant newts (D:2)
  2 rats
  3 briar patches (Swamp:3)
  A butterfly (Lair:4)
  12 plants
  A withered plant (D:8)
597 creatures vanquished.

Vanquished Creatures (collateral kills)
  A swamp dragon (Swamp:4)
  A giant leech (Lair:6)
  2 blink frogs (Lair:6)
  A water moccasin (Lair:6)
5 creatures vanquished.

Vanquished Creatures (others)
  A spiny frog (Lair:6)
  A briar patch (Swamp:3)
  15 fungi
  16 plants (Lair:6)
33 creatures vanquished.

Grand Total: 635 creatures vanquished

Notes
Turn   | Place    | Note
-------+----------+-------------------------------------------
     0 | D:1      | 4thArraOfDagon the Minotaur Berserker began the quest for the Orb.
     0 | D:1      | Reached XP level 1. HP: 19/19 MP: 0/0
    62 | D:3      | Reached skill level 4 in Axes
    63 | D:3      | Reached XP level 2. HP: 15/27 MP: 1/1
   137 | D:1      | Reached ** piety under Trog
   170 | D:4      | Reached XP level 3. HP: 26/33 MP: 2/2
   236 | D:4      | Reached skill level 5 in Axes
   236 | D:4      | Reached XP level 4. HP: 23/41 MP: 3/3
   254 | D:4      | Found a bloodstained altar of Trog.
   366 | D:5      | Entered Level 5 of the Dungeon
   388 | D:5      | Reached XP level 5. HP: 44/47 MP: 4/4
   405 | D:5      | Found Ythran's Antique Armour Shop.
   533 | D:5      | Noticed a sky beast
   541 | D:5      | Killed a sky beast
   541 | D:5      | Reached skill level 5 in Fighting
   541 | D:5      | Reached skill level 6 in Axes
   545 | D:5      | Reached XP level 6. HP: 41/56 MP: 5/5
   587 | D:5      | Found Fuattudgh's Jewellery Emporium.
   640 | D:4      | Found a bloodstained altar of Trog.
   640 | D:4      | Found a sacrificial altar of Ru.
   730 | D:6      | Found Gisez's Jewellery Boutique.
   742 | D:6      | Found Lodgheto's Armour Shoppe.
   742 | D:6      | Noticed a hill giant
   751 | D:6      | Killed a hill giant
   751 | D:6      | Reached skill level 8 in Axes
   751 | D:6      | Reached skill level 5 in Armour
   751 | D:6      | Reached XP level 7. HP: 64/64 MP: 6/6
   876 | D:7      | Noticed a green ugly thing
   884 | D:7      | Killed a green ugly thing
   884 | D:7      | Reached skill level 9 in Axes
   884 | D:7      | Reached XP level 8. HP: 73/73 MP: 7/7
   885 | D:7      | Found a staircase to the Ecumenical Temple.
   899 | D:7      | You fall through a shaft for 2 floors!
   900 | D:9      | lol
   940 | D:9      | Noticed CcS's ghost (novice OpFE)
   959 | D:9      | Killed CcS's ghost
   959 | D:9      | Reached skill level 10 in Axes
   964 | D:9      | Reached XP level 9. HP: 81/81 MP: 8/8
  1048 | D:10     | Entered Level 10 of the Dungeon
  1104 | D:8      | Found Kelior's Gadget Shoppe.
  1139 | D:7      | Reached skill level 11 in Axes
  1150 | D:7      | Reached *** piety under Trog
  1215 | D:8      | Found a basalt altar of Yredelemnul.
  1338 | D:9      | Found a hazy altar of Hepliaklqana.
  1413 | D:9      | Found a roughly hewn altar of Beogh.
  1413 | D:9      | Found a staircase to the Orcish Mines.
  1452 | Orc:1    | Entered Level 1 of the Orcish Mines
  1454 | Orc:1    | Reached **** piety under Trog
  1454 | Orc:1    | Reached skill level 12 in Axes
  1502 | Orc:1    | Found a roughly hewn altar of Beogh.
  1536 | Orc:1    | Noticed a cyclops
  1548 | Orc:1    | Noticed an orc knight
  1562 | Orc:1    | Killed a cyclops
  1562 | Orc:1    | Reached XP level 10. HP: 32/91 MP: 9/9
  1564 | Orc:1    | Killed an orc knight
  1680 | Orc:1    | Kenran: going for a new record?
  1688 | Orc:1    | Reached skill level 13 in Axes
  1696 | Orc:1    | 4thArraOfDagon: naa
  1696 | Orc:1    | 4thArraOfDagon: casual
  1705 | Orc:1    | Noticed an orc warlord
  1719 | Orc:1    | Reached skill level 10 in Fighting
  1729 | Orc:1    | Killed an orc warlord
  1729 | Orc:1    | Reached skill level 14 in Axes
  1729 | Orc:1    | Reached skill level 10 in Armour
  1750 | Orc:1    | 4thArraOfDagon: casual sub20k win
  1754 | Orc:1    | 4thArraOfDagon: :S
  1794 | Orc:2    | Entered Level 2 of the Orcish Mines
  1817 | Orc:2    | Found a staircase to the Elven Halls.
  1836 | Orc:2    | Kenran: xD
  1872 | Orc:2    | Noticed an orc warlord
  1891 | Orc:2    | Killed an orc warlord
  1891 | Orc:2    | Reached XP level 11. HP: 101/101 MP: 10/10
  1901 | Orc:2    | Reached ***** piety under Trog
  2228 | Orc:2    | Noticed an orc sorcerer
  2388 | Orc:2    | Received a gift from Trog
  2442 | Orc:2    | Reached skill level 15 in Axes
  2452 | Orc:2    | Noticed an orc high priest
  2468 | Orc:2    | Killed an orc high priest
  2477 | Orc:2    | Noticed an orc knight
  2498 | Orc:2    | Killed an orc knight
  2529 | Orc:2    | Noticed an orc warlord
  2563 | Orc:2    | Noticed Blork the orc
  2584 | Orc:2    | Killed Blork the orc
  2624 | Orc:2    | Killed an orc warlord
  2633 | Orc:2    | Reached skill level 16 in Axes
  2671 | Orc:2    | Noticed an orc knight
  2692 | Orc:2    | Killed an orc knight
  2732 | Orc:2    | Found a roughly hewn altar of Beogh.
  2761 | Orc:2    | Paralysed by an orc sorcerer for 7 turns
  2771 | Orc:2    | Killed an orc sorcerer
  2787 | Orc:2    | Noticed an orc knight
  2801 | Orc:2    | Killed an orc knight
  2803 | Orc:2    | Noticed an orc sorcerer
  2813 | Orc:2    | Killed an orc sorcerer
  2813 | Orc:2    | Reached XP level 12. HP: 108/110 MP: 3/11
  2827 | Orc:2    | Found Tuptoapo's Jewellery Shop.
  2849 | Orc:2    | Found Nasiobu's Antique Weapon Shop.
  2866 | Orc:2    | Found Ryenaorog's General Store.
  2881 | Orc:2    | Found Amin's Antique Armour Shop.
  3147 | D:5      | Bought a faintly glowing plate armour for 812 gold pieces
  3147 | D:5      | Bought a pair of runed boots for 130 gold pieces
  3147 | D:5      | ctrlq
  3147 | D:5      | or
  3147 | D:5      | epic win
  3162 | D:5      | Identified the +1 plate armour "Qitui" {rElec rC- MR+ Regen+} (You bought it in a shop on level 5 of the Dungeon)
  3162 | D:5      | ctrl q
  3228 | D:6      | Found Fusuucin's Armour Shoppe.
  3289 | D:8      | You fall through a shaft for 2 floors!
  3605 | D:11     | Reached skill level 17 in Axes
  3688 | D:12     | Found Ywaadegi's Magic Scroll Emporium.
  3694 | D:12     | Bought a scroll of identify for 28 gold pieces
  3694 | D:12     | Bought a scroll of identify for 28 gold pieces
  3694 | D:12     | Bought 3 scrolls of teleportation for 126 gold pieces
  3694 | D:12     | Bought a scroll of teleportation for 42 gold pieces
  4009 | D:10     | Noticed Sonja
  4016 | D:10     | Killed Sonja
  4122 | D:8      | Found a staircase to the Lair.
  4151 | Lair:1   | Entered Level 1 of the Lair of Beasts
  4236 | Lair:1   | Found a labyrinth entrance.
  4246 | Lab      | Entered a labyrinth
  4274 | Lab      | Received a gift from Trog
  4326 | Lab      | Noticed a minotaur
  4330 | Lab      | Killed a minotaur
  4330 | Lab      | Reached skill level 18 in Axes
  4352 | Lab      | Identified the Almanac of Augmentations (You found it in a labyrinth)
  4352 | Lab      | Identified the Grimoire of Calling (You found it in a labyrinth)
  4353 | Lab      | Got an ebony bardiche
  4354 | Lab      | RIP
  4405 | Lair:1   | Noticed Erica
  4410 | Lair:1   | Killed Erica
  4542 | Lair:3   | Noticed Harold
  4562 | Lair:3   | Killed Harold
  4562 | Lair:3   | Reached XP level 13. HP: 96/116 MP: 4/12
  4606 | Lair:4   | Gained mutation: You have an increased reservoir of magic. (+10% MP) [potion of mutation]
  4606 | Lair:4   | Gained mutation: You are partially covered in slimy green scales. (AC +2) [potion of mutation]
  4606 | Lair:4   | Gained mutation: Your spells are a little harder to cast, but a little more powerful. [potion of mutation]
  4607 | Lair:4   | Gained mutation: You are dopey. (Int -2) [potion of mutation]
  4607 | Lair:4   | Lost mutation: You are dopey. (Int -2) [potion of mutation]
  4607 | Lair:4   | Gained mutation: Your muscles are strong. (Str +2) [potion of mutation]
  4769 | Lair:6   | Entered Level 6 of the Lair of Beasts
  4775 | Lair:6   | Reached skill level 19 in Axes
  4956 | Lair:6   | HP: 6/174 [seven-headed hydra (6)]
  4961 | Lair:6   | HP: 9/261 [poisoned by a spiny frog]
  4967 | Lair:6   | HP: 6/174 [poisoned by a spiny frog]
  4976 | Lair:6   | HP: 2/116 [spiny frog (12)]
  5051 | Lair:6   | Reached skill level 20 in Axes
  5185 | Lair:6   | Reached skill level 15 in Armour
  5380 | Lair:4   | Reached XP level 14. HP: 124/124 MP: 9/14
  5391 | Lair:4   | Received a gift from Trog
  5509 | Lair:4   | Found a stormy altar of Qazlal.
  5592 | Lair:4   | Found a staircase to the Swamp.
  5662 | Swamp:1  | Entered Level 1 of the Swamp
  5700 | Swamp:1  | Noticed Roxanne
  5726 | Swamp:1  | Killed Roxanne
  5726 | Swamp:1  | Reached skill level 21 in Axes
  5898 | Swamp:1  | Noticed Louise
  5921 | Swamp:3  | 4thArraOfDagon: so thats two runes
  6010 | Swamp:3  | Noticed a thorn hunter
  6029 | Swamp:3  | Killed a thorn hunter
  6322 | Swamp:4  | Entered Level 4 of the Swamp
  6357 | Swamp:4  | 4thArraOfDagon: brb
  6427 | Swamp:4  | Reached skill level 22 in Axes
  6627 | Swamp:4  | Noticed the 27-headed Lernaean hydra
  6642 | Swamp:4  | Killed the 27-headed Lernaean hydra
  6642 | Swamp:4  | Reached XP level 15. HP: 111/132 MP: 15/15
  6697 | Swamp:4  | Got a decaying rune of Zot
  6770 | Swamp:2  | Received a gift from Trog
  6775 | Swamp:2  | Slain by a spriggan rider

Vault maps used:
D:1:      lightli_arrival_chessboard
D:2:      nicolae_dithmenos_through_a_glass_darkly, grunt_pakellas_basics
D:3:      tso_altar, minmay_stone_trees_small, kennysheep_generic_room_4
D:4:      grunt_temple_overflow_order_and_chaos_2, lemuel_crystal_altar,
          lemuel_crystal_altar, first_bread, lemuel_tele_altar
D:5:      lemuel_coloured_pillars_altar, serial_shops, kennysheep_mini_moat,
          minmay_shop_grid_forest, minmay_splitting_lines, uniq_duvessa
D:6:      serial_shops, shop, shop, nicolae_shop_stone, shop,
          kennysheep_crisscross
D:7:      vehumet_crystals
D:8:      yredelemnul_altar_generic, lair_0_dummy, serial_shops, shop
D:9:      nicolae_overflow_hidden_temple, lemuel_round_altar, david_orc_5
D:10:     uniq_sonja
D:11:     portal_ice_cave_entry_animals_and_master
D:12:     serial_shops, nicolae_shop_stone
Lair:1:   lab_entry_generic, uniq_erica
Lair:2:   lemuel_ratsnest, guppyfry_snake_entry_island
Lair:3:   uniq_harold
Lair:4:   minmay_swamp_entry_worms, basic_altar, grunt_megastairs_3,
          lemuel_fruit_fields
Lair:5:   pf_torpor_hydra, lemuel_fruit_fields, bh_autumn_forest_stairs
Lair:6:   minmay_lair_end_frog_pond, dpeg_slime_entry_enclosed_altar
Swamp:1:  nicolae_swamp_triple_paths, uniq_nikola, uniq_louise, uniq_roxanne
Swamp:2:  evilmike_swamp_ruin_house_6, infiniplex_staircase_pool
Swamp:3:  nicolae_swamp_round_clearing, swamp_pool2
Swamp:4:  swamp, nicolae_swamp_trees_clearing
Orc:1:    basic_altar
Orc:2:    grunt_orc_cross, guppyfry_library_mini
Lab:      labyrinth_hidden_loot, nicolae_lab_diamond, nicolae_lab_starburst,
          labyrinth_lava_lair

Skill      XL: |  1  2  3  4  5  6  7  8  9 10 11 12 13 14 15 |
---------------+----------------------------------------------+-----
Axes           | 4 5 6 8 9 10 12 14 16 18 20 22 | 22.5
Fighting       | 4 5 6 7 9 10 11 12 | 12.0
Armour         | 3 4 5 6 7 9 10 12 13 15 16 | 16.6
Dodging        | |  2.1

Action                   |  1- 3 |  4- 6 |  7- 9 | 10-12 | 13-15 || total
-------------------------+-------+-------+-------+-------+-------++-------
Melee: Hand axe          |    34 |    34 |   161 |   192 |       ||   421
       Headbutt          |     4 |     7 |    29 |    84 |    77 ||   201
       Battleaxe         |       |       |       |   254 |   469 ||   723
Invok: Berserk           |     1 |     2 |     4 |     8 |    14 ||    29
       Trog's Hand       |       |       |     5 |    23 |    25 ||    53
       Brothers in Arms  |       |       |       |       |     4 ||     4
Evoke: Wand              |       |       |       |     2 |     5 ||     7
  Use: Scroll            |       |     3 |     4 |    10 |    14 ||    31
       Potion            |       |       |       |       |     8 ||     8
  Eat: Chunk             |       |     1 |     5 |    23 |    20 ||    49
       Royal jelly       |       |       |     1 |       |       ||     1
       Fruit             |       |       |     2 |       |       ||     2
       Meat ration       |       |       |       |     1 |     1 ||     2
       Pizza             |       |       |       |       |     1 ||     1
       Bread ration      |       |       |       |       |     2 ||     2
Armor: Animal skin       |     5 |       |       |       |       ||     5
       Chain mail        |     1 |    17 |    75 |    61 |       ||   154
       Plate armour      |       |       |       |   145 |   255 ||   400
       Skin              |       |       |       |       |    23 ||    23
       Swamp dragon hide |       |       |       |       |    33 ||    33
Dodge: Dodged            |    22 |     8 |    61 |   145 |   185 ||   421
